 Dungeon Crawl Stone Soup version 0.27.1-1-g398f81649c (webtiles) character file.

Game seed: 8233412892050726512

61 Metae the Skirmisher (level 3, -1/34 HPs)
             Began as a Minotaur Fighter on Sept 10, 2021.
             Slain by a gnoll (2 damage)
             ... on level 1 of the Dungeon.
             The game lasted 00:03:19 (898 turns).

Metae the Skirmisher (Minotaur Fighter)              Turns: 898, Time: 00:03:20

Health: -1/34      AC:  9    Str: 21    XL:     3   Next: 83%
Magic:  2/2        EV:  5    Int:  5    God:
Gold:   62         SH:  9    Dex:  9    Spells: 2/2 levels left

rFire    . . .     SeeInvis .   a - +0 trident
rCold    . . .     Faith    .   c - +0 kite shield
rNeg     . . .     Spirit   .   j - +0 chain mail
rPois    .         Reflect  .   (helmet restricted)
rElec    .         Harm     .   (no cloak)
rCorr    .         Rampage  .   (no gloves)
Will     .....                  (no boots)
Stlth    ..........             (no amulet)
HPRegen  0.11/turn              (no ring)
MPRegen  0.08/turn              (no ring)

@: no status effects
A: horns 2, retaliatory headbutt
a: no special abilities


You were on level 1 of the Dungeon.
You visited 1 branch of the dungeon, and saw 2 of its levels.

You collected 62 gold pieces.

Inventory:

Hand Weapons
 a - a +0 trident (weapon)
Armour
 b - a +0 scale mail
 c - a +0 kite shield (worn)
 j - a +0 chain mail (worn)
Scrolls
 g - a scroll of teleportation {unknown}
 h - a scroll of holy word {unknown}
 i - a scroll of magic mapping {unknown}
Potions
 d - a potion of might
 e - a potion of lignification {unknown}
 f - a potion of curing {unknown}


   Skills:
 * Level 4.5 Fighting
 + Level 3.0 Polearms
 * Level 4.4 Armour
 + Level 4.0 Shields


You had 2 spell levels left.
You didn't know any spells.
Your spell library contained the following spells:

 Spells                   Type           Power      Damage    Failure   Level
 Corpse Rot               Necr/Air       N/A        N/A       100%        2
 Poisonous Vapours        Pois/Air       0%         N/A       100%        2
 Freezing Cloud           Conj/Ice/Air   0%         6-21      100%        5


Dungeon Overview and Level Annotations

Branches:
Dungeon (2/15)

Altars:


Innate Abilities, Weirdness & Mutations

You have a pair of horns on your head.
You reflexively headbutt those who attack you in melee.


Message History

You reach to attack!
You barely miss the gnoll.
The gnoll is heavily wounded.
The gnoll hits you but does no damage. The gnoll barely misses you.
You reach to attack!
You closely miss the gnoll.
The gnoll is heavily wounded.
The gnoll hits you but does no damage.
You reach to attack!
You puncture the gnoll!
You kill the gnoll!
You reach to attack!
Your chain mail prevents you from hitting the gnoll.
You block the gnoll's attack. The gnoll hits you but does no damage.
The gnoll hits you with a +0 spear.
You hit the gnoll.
The gnoll is moderately wounded.
You barely miss the gnoll. Your headbutt misses the gnoll.
You block the gnoll's attack.
The gnoll hits you but does no damage. x2
You hit the gnoll.
The gnoll is moderately wounded.
You block the gnoll's attack. x2; The gnoll hits you with a +0 club.
Your shield and chain mail prevent you from hitting the gnoll.
The gnoll is moderately wounded.
The gnoll hits you with a +0 spear. The gnoll hits you with a +0 club.
* * * LOW HITPOINT WARNING * * *
The gnoll hits you with a +0 spear.
* * * LOW HITPOINT WARNING * * *
There is a stone staircase leading up, spattered with blood here.
You can't go down here!
The gnoll hits you but does no damage. The gnoll hits you with a +0 club.
* * * LOW HITPOINT WARNING * * *
You climb upwards.
There is a stone staircase leading down here.
Your chain mail prevents you from hitting the gnoll.
The gnoll is lightly wounded.
You block the gnoll's attack. The gnoll hits you with a +0 club.
* * * LOW HITPOINT WARNING * * *
The gnoll hits you but does no damage.
You puncture the gnoll!
The gnoll is severely wounded.
The gnoll hits you with a +0 club.
You die...

##........#####...
##...........#.....
#####.................. ####
###8..#......)........... ...#
#.........#..........#..# ##.#
#.#8..#..####.......##### #.#
#.######## ####8.8##
##.######.###############.######
...............g@#.............#
.#.#.####.#.####g#.###########.#
.#.#.#......#................#.#
.#.#.####...#.##.#.#########.#.#
.#.#..........##.#.....).....#.#
.#.####.#.#.####.#############.#
.#.#.##.#.#.#........# #.#
.#.#.##.#.#.#.##.###.# #.#
.#.#....#.#.#.##.# #.# #.#


You could see 2 gnolls.

Vanquished Creatures
  2 gnolls (D:2)
  A dart slug (D:1)
  8 endoplasms (D:1)
  2 giant cockroaches (D:1)
  A hobgoblin (D:1)
  4 jackals (D:1)
  2 kobolds (D:1)
  3 quokkas (D:1)
  A ball python (D:1)
  3 bats (D:1)
  A frilled lizard (D:1)
  3 goblins (D:1)
  5 rats
36 creatures vanquished.

Notes
Turn   | Place    | Note
-------+----------+-------------------------------------------
     0 | D:1      | Metae the Minotaur Fighter began the quest for the Orb.
     0 | D:1      | Reached XP level 1. HP: 19/19 MP: 0/0
    87 | D:1      | Reached XP level 2. HP: 24/27 MP: 1/1
   597 | D:1      | Found Noejez's Armour Shop.
   678 | D:1      | Reached XP level 3. HP: 32/33 MP: 2/2
   897 | D:1      | HP: 1/34 [gnoll (4)]
   898 | D:1      | Slain by a gnoll

Illustrated notes

Levels and vault maps discovered:
D:1:      eino_arrival_cavern_e, layout_basic, serial_shops, shop,
          palyth_stone_intersect
D:2:      minmay_chambers_of_twos, layout_basic,
          ebering_ecumenical_altar_petrified, serial_shops, shop,
          nicolae_shop_statue_plus, nicolae_diamond_shop, shop, basic_altar,
          grunt_ministairs_13, kennysheep_generic_room_16

Skill      XL: |  1  2  3 |
---------------+----------+-----
Armour         | 4 |  4.4
Fighting       | 4 |  4.5
Polearms       | 3 |  3.0
Shields        | 4 |  4.0

Action                   || total
-------------------------++-------
Melee: Trident           ||    78
       Headbutt          ||     3
Armor: Scale mail        ||    28
       Chain mail        ||     8
Dodge: Dodged            ||    18
Block: Kite shield       ||    28
